 Dungeon Crawl Stone Soup version 0.30.1-4-g462c640d31 (webtiles) character file.

Game seed: 5034909916287881252

46 growler the Trooper (level 3, -1/30 HPs)
             Began as a Demonspawn Gladiator on Aug 12, 2023.
             Slain by an adder (3 damage)
             ... on level 2 of the Dungeon.
             The game lasted 00:03:17 (1391 turns).

growler the Trooper (Demonspawn Gladiator)          Turns: 1391, Time: 00:03:18

Health: -1/30      AC:  4    Str: 14    XL:     3   Next: 46%
Magic:  3/3        EV: 12    Int: 11    God:
Gold:   145        SH:  0    Dex: 14    Spells: 2/2 levels left

rFire   . . .        a - +0 flail
rCold   . . .        (no shield)
rNeg    . . .        b - +0 leather armour
rPois   .            c - +0 helmet
rElec   .            (no cloak)
rCorr   .            (no gloves)
SInv    .            (no boots)
Will    .....        (no amulet)
Stlth   +            (no ring)
HPRegen 0.25/turn    (no ring)
MPRegen 0.08/turn

%: no passive effects
@: lethally poisoned (-1 -> -5)
A: powered by death 1
a: no special abilities


You were on level 2 of the Dungeon.
You visited 1 branch of the dungeon, and saw 2 of its levels.

You collected 145 gold pieces.

Inventory:

Hand Weapons
 a - a +0 flail (weapon)
Missiles
 d - 3 throwing nets (quivered)
 e - 4 javelins
Armour
 b - a +0 leather armour (worn)
 c - a +0 helmet (worn)
Jewellery
 m - a ring of positive energy
Scrolls
 f - a scroll of enchant armour {unknown}
 g - 2 scrolls of poison {unknown}
 j - 2 scrolls of summoning {unknown}
 k - a scroll of immolation {unknown}
 l - a scroll of identify {unknown}
Potions
 h - a potion of mutation {unknown}
 i - a potion of heal wounds {unknown}
 n - a potion of curing {unknown}


   Skills:
 + Level 3.9 Fighting
 - Level 2.6 Maces & Flails
 - Level 1.7 Throwing
 - Level 2.6 Dodging


You had 2 spell levels left.
You didn't know any spells.
Your spell library contained the following spells:

 Spells                   Type           Power      Damage    Failure   Level
 Ensorcelled Hibernation  Hex/Ice        0%         N/A       56%         2
 Spider Form              Tmut/Pois      0%         N/A       80%         3
 Anguish                  Hex/Necr       0%         N/A       99%         4
 Alistair's Intoxication  Tmut/Pois      0%         N/A       100%        5
 Borgnjor's Vile Clutch   Necr/Erth      0%         N/A       100%        5
 Eringya's Noxious Bog    Tmut/Pois      0%         N/A       100%        6


Dungeon Overview and Level Annotations

Branches:
Dungeon (2/15)

Altars:


Innate Abilities, Weirdness & Mutations

You regenerate a little health from kills.


Message History

The endoplasm hits you but does no damage.
The adder bites you. The goblin closely misses you. The endoplasm freezes you.
You are frozen.
The dart slug bites you but does no damage.
The adder attacks as you move away! The adder bites you but does no damage.
The endoplasm attacks as you move away! The endoplasm hits you.
The adder bites you.
You are poisoned.
The adder poisons you! The adder attacks as you move away!
The adder barely misses you.
You feel sick. The adder attacks as you move away!
The adder completely misses you.
You feel sick.
You feel sick. The endoplasm freezes you.
You are frozen.
The endoplasm attacks as you move away! The endoplasm closely misses you.
You feel sick. The adder bites you.
* * * LOW HITPOINT WARNING * * *
You are more poisoned.
The adder poisons you!
Unknown command.
Okay, then.
You hit the adder but do no damage.
The adder is heavily wounded.
You feel sick. The adder bites you.
* * * LOW HITPOINT WARNING * * *
You are lethally poisoned!
The adder poisons you!
Unknown command.
You closely miss the adder.
The adder is heavily wounded.
* * * LOW HITPOINT WARNING * * *
You feel sick. The adder bites you but does no damage.
The adder closely misses you.
You hit the adder.
The adder is severely wounded.
* * * LOW HITPOINT WARNING * * *
You feel sick. The adder closely misses you. The adder bites you.
You die...

#.# #...# #.## #### #.# #...#
#..# #.###...# ##.## #.......#
#..# ######.......### ##.#
##......##......## #.##
##.......###...#..#####..#####
#.........####................
#..........JS@.##.###......###
#.........wg#####..######..#
#...........# ##..†..##..#
#...........# #####.##..##
#?.........# #.##...#
#...[...?.#...# #....#.#
#.........#...<# ###....#
#.....^...###..# ##...##
#.........# #..# #.....


You could see an adder, a dart slug, an endoplasm and a goblin.

Vanquished Creatures
  An adder (D:2)
  5 orcs (D:2)
  4 ball pythons
  An endoplasm (D:1)
  A giant cockroach (D:1)
  3 goblins
  2 hobgoblins
  2 kobolds (D:1)
  3 quokkas (D:1)
  2 frilled lizards
  7 rats
31 creatures vanquished.

Notes
Turn   | Place    | Note
-------+----------+-------------------------------------------
     0 | D:1      | growler the Demonspawn Gladiator began the quest for the
                  | Orb.
     0 | D:1      | Reached XP level 1. HP: 16/16 MP: 1/1
     2 | D:1      | Noticed a gargoyle
     2 | D:1      | Noticed a felid
     4 | D:1      | Noticed a spriggan
     4 | D:1      | Noticed a vine stalker
     6 | D:1      | Noticed a draconian
     8 | D:1      | Noticed a formicid
     8 | D:1      | Noticed a demigod
    10 | D:1      | Noticed an octopode
    10 | D:1      | Noticed a human
    12 | D:1      | Noticed an armataur
    14 | D:1      | Noticed a naga
    16 | D:1      | Noticed a demonspawn
    16 | D:1      | Noticed a troll
    18 | D:1      | Noticed a ghoul
    18 | D:1      | Noticed an ogre
    20 | D:1      | Noticed a minotaur
    20 | D:1      | Noticed a vampire
    22 | D:1      | Noticed a merfolk
    22 | D:1      | Noticed an elf
    24 | D:1      | Noticed an armataur
    24 | D:1      | Noticed a meteoran
    26 | D:1      | Noticed a merfolk
    26 | D:1      | Noticed a demigod
   562 | D:1      | Gained mutation: You regenerate a little health from kills.
                  | [demonic ancestry]
   562 | D:1      | Reached XP level 2. HP: 23/23 MP: 2/2
   722 | D:1      | Reached skill level 3 in Fighting
  1115 | D:2      | Reached XP level 3. HP: 11/29 MP: 3/3
  1257 | D:2      | Found a faded altar of an unknown god.
  1391 | D:2      | Slain by an adder

Illustrated notes

Levels and vault maps discovered:
D:1:      kb_arrival_jail, layout_basic, chequers_big_river,
          palyth_stone_intersect, minivault_19, serial_park_tiny_2,
          nrook_campfire
D:2:      layout_rooms, hellmonk_ecumenical_altar_defaced_shrine

Skill      XL: |  1  2 |
---------------+-------+-----
Fighting       | 3 |  3.9
Maces & Flails | |  2.6
Throwing       | |  1.7
Dodging        | |  2.6

Action                     || total
---------------------------++-------
  Melee: Flail             ||   114
         Punch             ||     2
 Armour: Leather armour    ||    34
  Dodge: Dodged            ||    76
